 Dungeon Crawl Stone Soup version 0.26.0-16-gc1dbca0489 (webtiles) character file.

Game seed: 11654757644859595000

291 Descartes the Conjurer (level 6, 0/32 HPs)
             Began as a Deep Elf Conjurer on Jan 18, 2021.
             Slain by an ogre
             ... wielding a +0 giant spiked club
              (21 damage)
             ... on level 4 of the Dungeon.
             The game lasted 00:05:18 (3300 turns).

Descartes the Conjurer (Deep Elf Conjurer)          Turns: 3300, Time: 00:05:19

Health: 0/32       AC:  5    Str:  4    XL:     6   Next: 10%
Magic:  6/15       EV: 13    Int: 25    God:
Gold:   171        SH:  0    Dex: 13    Spells: 12/15 levels left

rFire    . . .     SeeInvis .   b - +0 hunting sling
rCold    . . .     Faith    .   (no shield)
rNeg     . . .     Spirit   .   h - +0 leather armour
rPois    .         Reflect  .   (no helmet)
rElec    .         Harm     .   q - +1 cloak
rCorr    .         Rampage  .   (no gloves)
Will     .....                  (no boots)
Stlth    +++.......             (no amulet)
HPRegen  0.10/turn              (no ring)
MPRegen  0.14/turn              (no ring)

@: lethally poisoned (0 -> -4)
A: no striking features
a: no special abilities


You were on level 4 of the Dungeon.
You visited 1 branch of the dungeon, and saw 4 of its levels.

You collected 171 gold pieces.

Inventory:

Hand Weapons
 a - a +0 dagger
 b - a +0 hunting sling (weapon)
Missiles
 d - 141 stones (quivered ammo)
 e - 6 arrows
 k - 37 sling bullets
 l - 24 bolts
Armour
 h - a +0 leather armour (worn)
 n - a +0 robe
 q - a +1 cloak (worn)
Jewellery
 i - an uncursed ring of fire
 t - a cursed -4 ring of dexterity {unknown}
Scrolls
 c - 2 scrolls of fog {unknown}
 g - 3 scrolls of teleportation
 m - 3 scrolls of remove curse
 o - a scroll of enchant weapon {unknown}
 r - a scroll of magic mapping {unknown}
Potions
 f - 2 potions of lignification {unknown}
 j - 5 potions of degeneration {unknown}
 p - a potion of invisibility {unknown}
 s - 2 potions of curing {unknown}


   Skills:
 + Level 4.9 Dodging
 - Level 5.0 Stealth
 - Level 5.0 Spellcasting
 - Level 5.0 Conjurations


You had 12 spell levels left.
You knew the following spells:

 Your Spells              Type           Power        Failure   Level
a - Magic Dart            Conj           100%         1%          1
b - Searing Ray           Conj           62%          2%          2

Your spell library contained the following spells:

 Spells                   Type           Power        Failure   Level
 Dazzling Flash           Conj/Hex       36%          16%         3
 Fulminant Prism          Conj/Hex       9%           45%         4
 Iskenderun's Mystic Bla  Conj/Tloc      18%          45%         4


Dungeon Overview and Level Annotations

Branches:
Dungeon (3/15)

Altars:
Ashenzari
Dithmenos
Kikubaaqudgha
Okawaru
Uskayaw
Xom
Zin


Message History

The ogre is heavily wounded.
Casting: Magic Dart (safe; 1% risk of failure)
Confirm with . or Enter, or press ? or * to list all spells.
Aiming: Magic Dart (safe; 1% risk of failure)
Press: ? - help, Shift-Dir - straight line, f/p - ogre
Aim: an ogre, wielding a +0 giant spiked club (heavily wounded, 0% to evade)
The magic dart hits the ogre.
The ogre is severely wounded.
The ogre hits you but does no damage.
Casting: Magic Dart (safe; 1% risk of failure)
Confirm with . or Enter, or press ? or * to list all spells.
Aiming: Magic Dart (safe; 1% risk of failure)
Press: ? - help, Shift-Dir - straight line, f/p - ogre
Aim: an ogre, wielding a +0 giant spiked club (severely wounded, 0% to evade)
The magic dart hits the ogre!
The ogre is almost dead.
You feel sick.
The ogre hits you with a +0 giant spiked club!!
Ouch! That really hurt!
You die...

#.........##
#..........##
#...........# #
#...........# #
#...........##
###............#
...............# .
##.............#####..[#
.###............@O...#
.###...........###.....#
..##.#....)....# .....
..##.#........## ....
..# .##.......# ... ....
#......## .. .....
##.....# . ..... ##...##
...#. #####


You could see an ogre.

Vanquished Creatures
  An ice beast (D:3)
  A hound (D:4)
  A worker ant (D:4)
  A hound skeleton (D:2)
  4 adders
  2 oozes (D:1)
  2 worms
  2 dart slugs (D:1)
  A leopard gecko (D:2)
  2 orcs
  A giant cockroach (D:1)
  10 goblins
  11 hobgoblins
  9 jackals
  9 kobolds
  12 bats
  6 frilled lizards
  A quokka skeleton (D:4)
  6 rats
82 creatures vanquished.

Notes
Turn   | Place    | Note
-------+----------+-------------------------------------------
     0 | D:1      | Descartes the Deep Elf Conjurer began the quest for the
                  | Orb.
     0 | D:1      | Reached XP level 1. HP: 10/10 MP: 6/6
   368 | D:1      | Reached XP level 2. HP: 15/15 MP: 4/8
   743 | D:1      | Reached XP level 3. HP: 19/19 MP: 7/10
  1372 | D:2      | Reached XP level 4. HP: 24/24 MP: 6/11
  1735 | D:2      | Found an iron altar of Okawaru.
  1737 | D:2      | Found a glowing silver altar of Zin.
  1737 | D:2      | Found a hide-covered altar of Uskayaw.
  1819 | D:2      | Found a shadowy altar of Dithmenos.
  1819 | D:2      | Found an ancient bone altar of Kikubaaqudgha.
  1820 | D:2      | Found a broken altar of Ashenzari.
  2013 | D:3      | Found a shimmering altar of Xom.
  2029 | D:3      | Reached skill level 5 in Conjurations
  2108 | D:3      | Noticed an ice beast
  2118 | D:3      | Killed an ice beast
  2119 | D:3      | Reached XP level 5. HP: 13/28 MP: 3/14
  2433 | D:3      | Learned a level 2 spell: Searing Ray
  3082 | D:3      | You fall into a shaft and drop 1 floor!
  3107 | D:4      | Reached skill level 5 in Spellcasting
  3119 | D:4      | Reached skill level 5 in Stealth
  3173 | D:4      | Reached XP level 6. HP: 32/32 MP: 3/15
  3300 | D:4      | Slain by an ogre

Illustrated notes

Levels and vault maps discovered:
D:1:      kennysheep_arrival_forest, layout_basic
D:2:      layout_basic, grunt_temple_overflow_open
D:3:      layout_loops_corners, xom_teletrap_fun
D:4:      layout_cave_pods, overflow_temple_1_default

Skill      XL: |  1  2  3  4  5 |
---------------+----------------+-----
Stealth        | 3 4 5 |  5.0
Dodging        | 3 4 |  4.9
Spellcasting   | 4 5 |  5.0
Conjurations   | 5 |  5.0

Action                   |  1- 3 |  4- 6 || total
-------------------------+-------+-------++-------
 Cast: Magic Dart        |    79 |   107 ||   186
  Use: Scroll            |       |     4 ||     4
Armor: Robe              |     1 |       ||     1
       Leather armour    |     1 |     6 ||     7
Dodge: Dodged            |     7 |    20 ||    27
